 Dungeon Crawl Stone Soup version 0.23.2-33-g5129a83184 (webtiles) character file.

Game seed: 4531720217698692177

15734 troglodite the Blocker (level 12, -4/95 HPs)
             Began as a Demonspawn Berserker on July 25, 2019.
             Was a High Priest of Trog.
             Slain by a two-headed ogre
             ... wielding a +0 giant spiked club
              (18 damage)
             ... on level 13 of the Dungeon.
             The game lasted 00:38:48 (14376 turns).

troglodite the Blocker (Demonspawn Berserker)      Turns: 14376, Time: 00:38:50

Health: -4/95      AC: 18    Str: 18    XL:     12   Next: 3%
Magic:  4/4        EV:  4    Int: 10    God:    Trog [*****.]
Gold:   868        SH:  0    Dex: 16    Spells: 11/11 levels left

rFire    . . .     SeeInvis +   E - +6 demon trident (antimagic)
rCold    + . .     Gourm    .   g - +0 large shield
rNeg     . . .     Faith    +   D - +0 plate armour
rPois    .         Spirit   .   (helmet unavailable)
rElec    .         Reflect  .   B - +1 cloak
rCorr    .         Harm     .   (no gloves)
MR       +....                  (no boots)
Stlth    ..........             p - amulet of faith
HPRegen  0.25/turn              u - ring of protection from cold
MPRegen  0.09/turn              s - ring of protection from magic

@: confused, berserk cooldown, slowed, lightly drained, very slow
A: antennae 3, yellow scales 1, powered by death 3, spiny 1
a: Berserk, Trog's Hand, Brothers in Arms, Renounce Religion


You were on level 13 of the Dungeon.
You worshipped Trog.
Trog was extremely pleased with you.
You were not hungry.

You visited 1 branch of the dungeon, and saw 13 of its levels.
You also visited: Sewer.

You collected 1058 gold pieces.
You spent 190 gold pieces at shops.

Inventory:

Hand Weapons
 a - a +1 falchion
 A - a +1 antimagic scimitar
 E - a +6 antimagic demon trident (weapon)
Armour
 g - a +0 large shield (worn)
 B - a +1 cloak (worn)
 D - a +0 plate armour (worn)
Jewellery
 o - an uncursed ring of poison resistance
 p - an amulet of faith (around neck)
 r - a +2 amulet of reflection
 s - a ring of protection from magic (right hand)
 u - a ring of protection from cold (left hand)
Wands
 l - a wand of enslavement (20)
 n - a wand of flame (15)
 x - a wand of polymorph (24)
 H - a wand of acid (6)
Scrolls
 b - 7 scrolls of enchant armour
 h - 2 scrolls of fog
 j - 2 scrolls of identify
 k - 2 scrolls of teleportation
 t - 3 scrolls of remove curse
 y - 4 scrolls of fear {unknown}
 F - a scroll of silence {unknown}
 I - 2 scrolls of blinking
 J - a scroll of acquirement {unknown}
 L - a scroll of magic mapping
Potions
 d - 6 potions of curing
 e - 2 potions of flight
 f - 4 potions of might
 i - 3 potions of agility
 m - 4 potions of brilliance
 v - a potion of resistance
 w - 9 potions of heal wounds
 z - 4 potions of berserk rage
 C - 2 potions of magic
 G - a potion of mutation
 K - 2 potions of lignification
 M - a potion of haste
Comestibles
 c - 21 rations


   Skills:
 * Level 9.0(8.6) Fighting
 + Level 6.0(5.5) Long Blades
 + Level 7.7(7.3) Polearms
 * Level 9.0(8.6) Armour
 + Level 3.0(2.6) Dodging
 * Level 9.9(9.5) Shields


You had 11 spell levels left.
You didn't know any spells.
Your spell library was empty.

Dungeon Overview and Level Annotations

Branches:
Dungeon (13/15)            Temple (0/1) D:4            Lair (0/6) D:9
    Orc (0/2) D:11
 Vaults: D:13-14

Altars:
Cheibriados
Dithmenos
Gozag
Hepliaklqana
Nemelex Xobeh
Okawaru
Qazlal
Sif Muna
Trog
Xom

Shops:
D:4 ([?[

Annotations:
D:13 1 transporter, xelsha's ghost, journeyman GnVM


Innate Abilities, Weirdness & Mutations

You have a pair of large antennae on your head. (SInv)
You are partially covered in yellow scales. (AC +2)
You regenerate a lot of health from kills.
You are partially covered in sharp spines.


Message History

You puncture the two-headed ogre!
The two-headed ogre is heavily wounded.
You are engulfed in noxious fumes.
You choke on the stench!
You are more confused.
The two-headed ogre is engulfed in noxious fumes.
The two-headed ogre appears confused.
The two-headed ogre is struck by your spines.
The two-headed ogre hits you with a +0 giant spiked club!
The two-headed ogre hits you with a +0 giant club.
* * * LOW HITPOINT WARNING * * *
Xelsha's ghost is struck by your spines.
Xelsha's ghost hits you but does no damage.
The two-headed ogre is engulfed in noxious fumes.
The two-headed ogre hits you with a +0 giant club.
* * * LOW HITPOINT WARNING * * *
The two-headed ogre barely misses you. Xelsha's ghost hits you.
* * * LOW HITPOINT WARNING * * *
x2 The two-headed ogre is struck by your spines.
The two-headed ogre hits you with a +0 giant spiked club!!
You die...

....#{#......##..
... ###....### .
########...## #
#...).©#...###..
#..##..#...#...#
{{
{#.#..#W#.......#
{
#.#O.#$#...#####
#OW##.=#©...##
#@OO..?#h....#
#§O##.%#©....##
#.#O.#.#......#
#.#..#.#........
#..##..#h..#....
#......#..##....
########.## ...
...# .. ....


You could see 3 two-headed ogres, a black bear, 3 ogres and xelsha's ghost.

Vanquished Creatures
  Harold (D:9)
  4 two-headed ogres
  Pikel (D:7)
  2 ugly things (D:12)
  A manticore (D:12)
  Maurice (D:9)
  3 centaur skeletons
  A gargoyle (D:12)
  Psyche (D:8)
  3 trolls
  2 hornets
  A spriggan (D:7)
  2 shadows
  8 yaks
  A water moccasin (D:6)
  A porcupine (D:9)
  5 orc warriors
  A slave (D:7)
  4 ice beasts
  7 ogres
  6 centaurs
  2 crocodiles
  3 big kobolds
  7 bullfrogs
  A water moccasin zombie (D:12)
  10 killer bees
  3 scorpions
  10 wights
  3 howler monkeys (D:7)
  6 crimson imps
  5 hounds
  10 orc priests
  2 jellies
  A bullfrog zombie (D:9)
  4 bullfrog skeletons
  10 orc wizards
  2 gnoll shamans
  An iguana (D:6)
  9 worker ants
  A killer bee zombie (D:8)
  2 hound skeletons
  20 gnolls
  9 adders
  2 shadow imps
  2 oozes
  An adder skeleton (D:6)
  3 worms
  3 dart slugs
  3 leopard geckos
  49 orcs
  8 bats
  5 giant cockroaches
  5 hobgoblins
  10 jackals
  21 kobolds
  A quokka (D:8)
  4 ball pythons
  5 frilled lizards
  5 goblins (D:1)
  2 leopard gecko skeletons
  10 rats
316 creatures vanquished.

Vanquished Creatures (collateral kills)
  A basilisk (D:9)
  3 yaks (D:9)
  A porcupine (D:9)
  2 crocodiles (D:9)
  A scorpion (D:9)
  2 wights (D:9)
  An iguana (D:9)
11 creatures vanquished.

Vanquished Creatures (others)
  A water elemental (D:12)
  An electric eel (D:12)
  A hound (D:7)
  2 bushes (D:9)
  2 fungi (D:9)
  9 plants (D:9)
16 creatures vanquished.

Grand Total: 343 creatures vanquished

Notes
Turn   | Place    | Note
-------+----------+-------------------------------------------
     0 | D:1      | troglodite the Demonspawn Berserker began the quest for the
                  | Orb.
     0 | D:1      | Reached XP level 1. HP: 18/18 MP: 1/1
   426 | D:1      | Gained mutation: You regenerate a little health from kills.
                  | [demonic ancestry]
   426 | D:1      | Reached XP level 2. HP: 22/24 MP: 2/2
   856 | D:1      | Gained mutation: You have a pair of small antennae on your
                  | head. [demonic ancestry]
   856 | D:1      | Reached XP level 3. HP: 19/29 MP: 3/3
  1398 | D:2      | Reached ** piety under Trog
  1611 | D:2      | Reached skill level 1 in Shields
  1709 | D:2      | Gained mutation: You have a pair of antennae on your head.
                  | [demonic ancestry]
  1709 | D:2      | Reached XP level 4. HP: 37/37 MP: 4/4
  2731 | D:3      | Found a faded altar of an unknown god.
  2788 | D:3      | Gained mutation: You have a pair of large antennae on your
                  | head. (SInv) [demonic ancestry]
  2788 | D:3      | Reached XP level 5. HP: 42/42 MP: 5/5
  3887 | D:4      | Found Jufooh's Magic Scroll Boutique.
  3895 | D:4      | Bought a scroll of identify for 20 gold pieces
  3895 | D:4      | Bought a scroll of enchant armour for 75 gold pieces
  3895 | D:4      | Bought a scroll of enchant armour for 75 gold pieces
  3895 | D:4      | Bought a scroll of fog for 20 gold pieces
  3904 | D:4      | Found Ammefreiq's Antique Armour Shoppe.
  4106 | D:4      | Gained mutation: You are partially covered in sharp spines.
                  | [demonic ancestry]
  4106 | D:4      | Reached XP level 6. HP: 44/48 MP: 6/6
  4181 | D:4      | Found Keote's Antique Armour Emporium.
  4195 | D:4      | Found a hazy altar of Hepliaklqana.
  4222 | D:4      | Noticed an orc warrior
  4235 | D:4      | Killed an orc warrior
  4305 | D:4      | Found a staircase to the Ecumenical Temple.
  4312 | D:4      | Reached *** piety under Trog
  4340 | D:4      | Found a shadowy altar of Dithmenos.
  4387 | D:4      | Found Ynykuem's Weapon Shoppe.
  4433 | D:4      | Reached XP level 7. HP: 54/54 MP: 7/7
  4816 | D:5      | Entered Level 5 of the Dungeon
  4979 | D:5      | Found a glowing drain.
  4989 | Sewer    | Entered a sewer
  5252 | Sewer    | Reached **** piety under Trog
  5558 | D:5      | Gained mutation: You regenerate health from kills. [demonic
                  | ancestry]
  5558 | D:5      | Reached XP level 8. HP: 61/61 MP: 8/8
  6021 | D:6      | Reached skill level 5 in Shields
  6498 | D:6      | Reached skill level 5 in Fighting
  6498 | D:6      | Reached skill level 5 in Long Blades
  6498 | D:6      | Reached skill level 5 in Armour
  6791 | D:6      | Found a bloodstained altar of Trog.
  6791 | D:6      | Found an iron altar of Okawaru.
  7883 | D:7      | Gained mutation: You regenerate a lot of health from kills.
                  | [demonic ancestry]
  7883 | D:7      | Reached XP level 9. HP: 59/69 MP: 9/9
  8059 | D:7      | Reached ***** piety under Trog
  8642 | D:7      | Found an opulent altar of Gozag.
  8707 | D:7      | Received a gift from Trog
  9082 | D:7      | Noticed Pikel
  9093 | D:7      | Killed Pikel
  9117 | D:7      | Found a shimmering altar of Xom.
  9448 | D:8      | Found a deep blue altar of Sif Muna.
  9804 | D:8      | Reached skill level 1 in Polearms
  9871 | D:8      | Found a snail-covered altar of Cheibriados.
  9891 | D:8      | Found a stormy altar of Qazlal.
  9916 | D:8      | Noticed Psyche
  9924 | D:8      | Killed Psyche
  9967 | D:8      | Reached XP level 10. HP: 77/77 MP: 3/10
 10234 | D:9      | Found a sparkling altar of Nemelex Xobeh.
 10251 | D:9      | Noticed Harold
 10269 | D:9      | Killed Harold
 10296 | D:9      | Noticed Maurice
 10316 | D:9      | Killed Maurice
 10509 | D:9      | Noticed a two-headed ogre
 10526 | D:9      | Killed a two-headed ogre
 10526 | D:9      | Reached skill level 5 in Polearms
 10567 | D:9      | Found a staircase to the Lair.
 10801 | D:9      | Gained mutation: You are partially covered in yellow
                  | scales. (AC +2) [demonic ancestry]
 10801 | D:9      | Reached XP level 11. HP: 86/86 MP: 3/11
 10938 | D:10     | Entered Level 10 of the Dungeon
 11297 | D:10     | Received a gift from Trog
 12520 | D:11     | Found a staircase to the Orcish Mines.
 12754 | D:11     | Found a shadowy altar of Dithmenos.
 13393 | D:12     | Noticed a white ugly thing
 13405 | D:12     | Killed a white ugly thing
 13715 | D:12     | Noticed a green ugly thing
 13736 | D:12     | Killed a green ugly thing
 13908 | D:12     | Noticed a two-headed ogre
 13917 | D:12     | Killed a two-headed ogre
 14333 | D:13     | Found a transporter.
 14343 | D:13     | Noticed a two-headed ogre
 14343 | D:13     | Noticed xelsha's ghost (journeyman GnVM)
 14345 | D:13     | Found a transporter.
 14345 | D:13     | Identified the +8 great mace "Ughih" {drain, rC+ SInv
                  | Stlth+}
 14345 | D:13     | Noticed a two-headed ogre
 14347 | D:13     | Noticed a two-headed ogre
 14349 | D:13     | Noticed a two-headed ogre
 14350 | D:13     | Noticed a two-headed ogre
 14363 | D:13     | Killed a two-headed ogre
 14370 | D:13     | Killed a two-headed ogre
 14370 | D:13     | Reached XP level 12. HP: 95/95 MP: 4/12
 14376 | D:13     | Slain by a two-headed ogre

Skill      XL: |  1  2  3  4  5  6  7  8  9 10 11 |
---------------+----------------------------------+-----
Dodging        | 2 3 |  3.0
Long Blades    | 3 4 5 6 |  6.0
Armour         | 2 3 4 5 6 7 9 |  9.0
Shields        | 1 2 3 4 5 7 8 9 |  9.9
Fighting       | 4 5 6 7 9 |  9.0
Polearms       | 2 5 7 |  7.7

Action                   |  1- 3 |  4- 6 |  7- 9 | 10-12 || total
-------------------------+-------+-------+-------+-------++-------
Melee: Falchion          |   124 |   231 |   390 |       ||   745
       Demon trident     |       |       |    56 |   439 ||   495
Invok: Berserk           |     3 |     4 |    11 |    10 ||    28
       Brothers in Arms  |       |       |       |     1 ||     1
  Use: Scroll            |       |     2 |    12 |    10 ||    24
       Potion            |       |       |       |     1 ||     1
  Eat: Chunk             |     5 |    10 |    21 |    17 ||    53
       Ration            |       |     1 |     2 |     2 ||     5
Armor: Animal skin       |    11 |       |       |       ||    11
       Scale mail        |    16 |     9 |       |       ||    25
       Chain mail        |       |    96 |   125 |       ||   221
       Plate armour      |       |       |    17 |   137 ||   154
Dodge: Dodged            |    48 |    31 |    44 |    38 ||   161
Block: Large shield      |    75 |   166 |   311 |   321 ||   873
       Rpst.: Falchion   |    14 |    14 |    14 |       ||    42
